 Dungeon Crawl Stone Soup version 0.21-a0-207-g4a9efaf (webtiles) character file.

77 Gorglomux the Conjurer (level 4, 0/55 HPs)
             Began as a Hill Orc Conjurer on Aug 20, 2017.
             Slain by an adder (1 damage)
             ... on level 3 of the Dungeon.
             The game lasted 00:02:42 (2878 turns).

Gorglomux the Conjurer (Hill Orc Conjurer)          Turns: 2878, Time: 00:02:43

Health: 0/55       AC: 22    Str: 11    XL:     4   Next: 33%
Magic:  0/6        EV:  2    Int: 20    God:
Gold:   129        SH:  6    Dex: 11    Spells: 3/6 levels left

rFire    + . .     SeeInvis .   g - +0 mace
rCold    + . .     Gourm    .   K - +0 shield
rNeg     + + +     Faith    .   (armour currently unavailable)
rPois    +         Spirit   .   (helmet currently unavailable)
rElec    +         Reflect  .   (cloak currently unavailable)
rCorr    +         Harm     .   (gloves currently unavailable)
MR       .....     NoTele   +   (boots currently unavailable)
Stlth    ++........             (no amulet)
HPRegen  0.18/turn              (no ring)
MPRegen  0.10/turn              (no ring)

@: brilliant, lethally poisoned (0 -> -1), tree-form, resistant
A: no striking features
a: no special abilities


You were on level 3 of the Dungeon.
You were hungry.
You were a tree.
You visited 1 branch of the dungeon, and saw 3 of its levels.

You collected 129 gold pieces.

Inventory:

Hand Weapons
 g - a +0 mace (weapon)
Armour
 a - a +0 robe
 B - a +0 pair of boots (melded)
 C - a +0 large shield
 K - a +0 shield (worn)
 M - a +0 ring mail (melded)
Scrolls
 d - 3 scrolls of remove curse {unknown}
 A - 4 scrolls of identify {unknown}
 D - 3 scrolls of immolation {unknown}
 E - a scroll of recharging {unknown}
Potions
 L - a potion of ambrosia {unknown}
Books
 b - a book of Conjurations

   Spells                             Type                      Level
   a - Magic Dart                     Conjuration                  1
   b - Searing Ray                    Conjuration                  2
   c - Dazzling Spray                 Conjuration/Hexes            3
   d - Fulminant Prism                Conjuration/Hexes            4
   e - Force Lance                    Conjuration/Translocation    4
   f - Iskenderun's Mystic Blast      Conjuration                  4
Comestibles
 c - 2 bread rations
 z - 2 meat rations


   Skills:
 + Level 2.6 Fighting
 + Level 2.5 Maces & Flails
 + Level 1.0 Armour
 - Level 1.5 Dodging
 - Level 1.5 Stealth
 + Level 0.7 Shields
 - Level 1.5 Spellcasting
 - Level 4.0 Conjurations


You had 3 spell levels left.
You knew the following spells:

 Your Spells              Type           Power        Failure   Level  Hunger
a - Magic Dart            Conj           ####         2%          1    #......
b - Searing Ray           Conj           ####..       3%          2    ###....


Dungeon Overview and Level Annotations

Branches:
Dungeon (3/15)

Altars:

Annotations:
D:2 Natasha


Message History

Unknown command!
Casting: Magic Dart
Confirm with ! or Enter, or butts ? or * to list all spells!
You don't have enough magic to cast that spell!
Unknown command!
You completely miss the adder!
The adder is almost dead!
The adder barely misses you!
The frilled lizard bites you! * * * don't butt
* * * Butt's shield prevents you butt hitting the adder!
The adder is almost dead! * * * don't die
* * * You feel sick!
The adder bites you but does no damage!
The frilled lizard bites you but does no damage!
The adder bites you but does no damage!
You miss the adder!
The adder butts almost dead!
The adder bites you but does no damage! You block the frilled lizard's attack!
The adder bites you! rip

..... #..######
#.......# #...###.#
#....<.<#.# #.#.#.#.#.#
#.#.#.#.#.#
###########.#.#...#.###
......S♣l)............
..#########.#.......##..
#.##..##......
#.S....o......
#..##..#....#.
#....#<#..S.#
#.##.#.#...##
#+##.#.#...# #.#.##+.o


You could see an adder and a frilled lizard.

Vanquished Creatures
  An orc priest (D:3)
  2 adders
  An ooze (D:2)
  2 dart slugs
  5 bats
  A giant cockroach (D:2)
  2 hobgoblins
  5 kobolds
  A ball python (D:1)
  2 frilled lizards
  3 rats
25 creatures vanquished.

Notes
Turn   | Place    | Note
-------+----------+-------------------------------------------
     0 | D:1      | Gorglomux the Hill Orc Conjurer began the quest for the Orb.
     0 | D:1      | Reached XP level 1. HP: 14/14 MP: 3/3
   738 | D:1      | Reached skill level 1 in Fighting
  1064 | D:1      | Reached XP level 2. HP: 23/23 MP: 2/4
  1069 | D:1      | Reached skill level 1 in Maces & Flails
  1883 | D:2      | Learned a level 2 spell: Searing Ray
  1903 | D:2      | Reached XP level 3. HP: 8/29 MP: 2/5
  2420 | D:2      | Noticed Natasha
  2860 | D:3      | Reached XP level 4. HP: 10/37 MP: 1/6
  2867 | D:3      | Reached skill level 1 in Armour
  2876 | D:3      | HP: 2/55 [frilled lizard (2)]
  2878 | D:3      | Slain by an adder

Vault maps used:
D:1:      dpeg_arrival_rooms_c, minmay_cupped
D:2:      kennysheep_big_flooded_room, kennysheep_doodads, uniq_natasha
D:3:      cheibrodos_sewer_entry_sluice, minmay_misc_feat_square,
          item_on_display_a

Skill      XL: |  1  2  3  4 |
---------------+-------------+-----
Fighting       | 1 2 |  2.6
Maces & Flails | 2 |  2.5
Armour         | 1 |  1.0
Dodging        | |  1.5
Stealth        | |  1.5
Shields        | |  0.7
Spellcasting   | |  1.5
Conjurations   | |  4.0

Action                   |  1- 3 |  4- 6 || total
-------------------------+-------+-------++-------
Melee: Mace              |    91 |    14 ||   105
 Cast: Magic Dart        |    11 |     2 ||    13
       Searing Ray       |     2 |       ||     2
  Use: Potion            |     3 |     2 ||     5
  Eat: Chunk             |     6 |       ||     6
Armor: Robe              |    28 |       ||    28
       Ring mail         |     3 |     8 ||    11
       Skin              |       |    17 ||    17
Dodge: Dodged            |    88 |     3 ||    91
Block: Shield            |    16 |    11 ||    27
